 Dungeon Crawl Stone Soup version 0.26-b1-32-g5d43845318 (webtiles) character file.

Game seed: 2148531883088198936

635 MTVSty1e the Basher (level 7, -2/41 HPs)
             Began as a Gargoyle Fighter on Jan 9, 2021.
             Slain by an ogre
             ... wielding a +0 giant club
              (6 damage)
             ... on level 4 of the Dungeon.
             The game lasted 00:04:58 (3840 turns).

MTVSty1e the Basher (Gargoyle Fighter)              Turns: 3840, Time: 00:04:59

Health: -2/41      AC: 11    Str: 22    XL:     7   Next: 50%
Magic:  7/7        EV:  7    Int: 14    God:
Gold:   231        SH: 12    Dex:  9    Spells: 6/6 levels left

rFire    + . .     SeeInvis .   d - +1 morningstar
rCold    x . .     Faith    .   w - +3 kite shield
rNeg     + . .     Spirit   .   b - +0 scale mail
rPois    ∞         Reflect  .   (no helmet)
rElec    +         Harm     .   h - scarf {shadows}
rCorr    .         Rampage  .   (no gloves)
Will     .....                  (no boots)
Stlth    ..........             (no amulet)
HPRegen  0.13/turn              t - ring of fire
MPRegen  0.10/turn              u - +6 ring of intelligence

@: no status effects
A: negative energy resistance 1, electricity resistance, unbreathing,
petrification resistance, miasma immunity, AC +4
a: no special abilities


You were on level 4 of the Dungeon.
You visited 1 branch of the dungeon, and saw 4 of its levels.

You collected 231 gold pieces.

Inventory:

Hand Weapons
 a - a +0 flail
 d - a +1 morningstar (weapon)
 f - a +0 whip
Armour
 b - a +0 scale mail (worn)
 h - a scarf of shadows (worn)
 p - a +0 tower shield
 w - a +3 kite shield (worn)
Jewellery
 t - a ring of fire (left hand)
 u - a +6 ring of intelligence (right hand)
Wands
 s - a wand of paralysis (11)
Scrolls
 g - 2 scrolls of blinking
 k - 3 scrolls of teleportation
 m - 2 scrolls of remove curse
 n - 3 scrolls of identify
 r - 3 scrolls of amnesia
Potions
 j - a potion of berserk rage {unknown}
 o - a potion of attraction {unknown}
 q - a potion of brilliance
 v - a potion of curing {unknown}


   Skills:
 - Level 3.2 Fighting
 * Level 8.2 Maces & Flails
 - Level 3.2 Armour
 - Level 3.2 Shields


You had 6 spell levels left.
You didn't know any spells.
Your spell library was empty.

Dungeon Overview and Level Annotations

Branches:
Dungeon (4/15)
 Temple: D:4-7

Altars:
Vehumet


Innate Abilities, Weirdness & Mutations

You are resistant to torment.
Your stone body is resilient. (AC +4)
You are immune to poison.
You resist negative energy. (rN+)
You are resistant to electric shocks. (rElec)
You can survive without breathing.
You are immune to petrification.
You are immune to miasma.


Message History

You are too injured to fight recklessly!
Unknown command.
You closely miss the ogre. You block the hound skeleton's attack.
You block the ogre's attack.
You barely miss the ogre.
The hound skeleton bites you but does no damage.
The ogre hits you but does no damage.
The hound skeleton bites you but does no damage.
You barely miss the ogre. The hound skeleton bites you.
A worker ant comes into view.
The ogre hits you but does no damage. You block the hound skeleton's attack.
You hit the ogre.
The ogre is lightly wounded.
The ogre hits you with a +0 giant club!
* * * LOW HITPOINT WARNING * * *
The hound skeleton bites you but does no damage.
You hit the ogre.
The ogre is lightly wounded.
You block the hound skeleton's attack. The ogre hits you with a +0 giant club.
You die...

.######..#
#.# ...#
#.# <..#
#.# #...#
#.#
#...###.#
#.......#
........##
.........#
#..####.@#
.. #ZO# .
....#
..B....
....##.#
#### #.#
###


You could see an ogre, a worker ant and a hound skeleton.

Vanquished Creatures
  Sigmund (D:3)
  Duvessa (D:4)
  Dowan (D:4)
  Natasha (thrice) (D:3)
  2 orc wizards
  4 adders
  3 gnolls (D:3)
  A white imp (D:3)
  2 oozes
  An adder skeleton (D:3)
  2 worms (D:2)
  4 dart slugs
  8 leopard geckos
  8 orcs
  8 bats
  3 giant cockroaches
  8 hobgoblins
  8 jackals
  2 quokkas
  A ball python (D:1)
  4 frilled lizards
  6 goblins
  8 kobolds
  7 rats
96 creatures vanquished.

Notes
Turn   | Place    | Note
-------+----------+-------------------------------------------
     0 | D:1      | MTVSty1e the Gargoyle Fighter began the quest for the Orb.
     0 | D:1      | Reached XP level 1. HP: 14/14 MP: 1/1
   115 | D:1      | Reached XP level 2. HP: 19/19 MP: 2/2
   208 | D:1      | Reached skill level 3 in Maces & Flails
   444 | D:1      | Reached XP level 3. HP: 23/23 MP: 3/3
   858 | D:2      | Reached skill level 4 in Maces & Flails
  1067 | D:2      | Reached XP level 4. HP: 27/28 MP: 4/4
  1568 | D:2      | Found a faded altar of an unknown god.
  1939 | D:3      | Noticed Natasha
  2215 | D:3      | Killed Natasha
  2216 | D:3      | Reached skill level 5 in Maces & Flails
  2216 | D:3      | Reached XP level 5. HP: 20/32 MP: 5/5
  2272 | D:3      | Noticed Sigmund
  2299 | D:3      | Killed Sigmund
  2300 | D:3      | Reached skill level 6 in Maces & Flails
  2300 | D:3      | Reached XP level 6. HP: 23/37 MP: 6/6
  2398 | D:3      | Noticed Natasha
  2407 | D:3      | Killed Natasha
  2430 | D:3      | Noticed Natasha
  2440 | D:3      | Killed Natasha
  2490 | D:3      | Reached skill level 7 in Maces & Flails
  2825 | D:3      | Found a radiant altar of Vehumet.
  3316 | D:4      | Noticed Duvessa
  3317 | D:4      | Noticed Dowan
  3354 | D:4      | Killed Duvessa
  3355 | D:4      | Reached XP level 7. HP: 13/41 MP: 7/7
  3402 | D:4      | Killed Dowan
  3403 | D:4      | Reached skill level 8 in Maces & Flails
  3840 | D:4      | Slain by an ogre

Illustrated notes

Levels and vault maps discovered:
D:1:      dpeg_arrival_chambers_temple_mockup, layout_basic
D:2:      layout_loops_ring, chequers_ecumenical_altar_lobes
D:3:      layout_rooms, overflow_temple_1_default, uniq_natasha, uniq_sigmund
D:4:      layout_basic, guppyfry_early_orc_mine, uniq_duvessa

Skill      XL: |  1  2  3  4  5  6  7 |
---------------+----------------------+-----
Maces & Flails | 3 4 5 6 7 8 |  8.2
Fighting       | |  3.2
Armour         | |  3.2
Shields        | |  3.2

Action                   |  1- 3 |  4- 6 |  7- 9 || total
-------------------------+-------+-------+-------++-------
Melee: Whip              |   224 |   302 |    65 ||   591
       Flail             |     2 |       |       ||     2
       Morningstar       |       |       |    12 ||    12
  Use: Potion            |       |     2 |     2 ||     4
       Scroll            |       |       |     8 ||     8
Armor: Scale mail        |   108 |   119 |    29 ||   256
Dodge: Dodged            |    88 |    45 |     7 ||   140
Block: Kite shield       |   124 |     6 |     9 ||   139
       Tower shield      |       |   180 |    39 ||   219
